 Dungeon Crawl Stone Soup version 0.30.1-3-gfc49f6343a (webtiles) character file.

Game seed: 2035763288504618446

288 kingofthe the Conjurer (level 6, -4/32 HPs)
             Began as a Deep Elf Conjurer on July 18, 2023.
             Constricted to death by Ijyb (6 damage)
             ... on level 3 of the Dungeon on July 19, 2023.
             The game lasted 00:10:57 (2776 turns).

kingofthe the Conjurer (Deep Elf Conjurer)          Turns: 2776, Time: 00:10:57

Health: -4/32      AC:  3    Str:  4    XL:     6   Next: 9%
Magic:  12/23      EV: 10    Int: 23    God:
Gold:   79         SH:  0    Dex: 15    Spells: 7/14 levels left

rFire   . . .        k - +3 quarterstaff
rCold   . . .        (shield currently unavailable)
rNeg    . . .        a - +0 robe
rPois   .            (no helmet)
rElec   .            (no cloak)
rCorr   .            l - +0 pair of gloves
SInv    .            (no boots)
Will    .....        (no amulet)
Stlth   +++          M - ring of magical power
HPRegen 0.25/turn    (no ring)
MPRegen 0.18/turn

%: no passive effects
@: grasped by roots, constricted
A: no striking features
a: no special abilities


You were on level 3 of the Dungeon.
You visited 1 branch of the dungeon, and saw 3 of its levels.

You collected 79 gold pieces.


   Skills:
 + Level 4.1 Dodging
 + Level 4.3 Stealth
 + Level 4.6 Spellcasting
 * Level 5.6 Conjurations
 * Level 2.3 Hexes


You had 7 spell levels left.
You knew the following spells:

 Your Spells              Type           Power      Damage    Failure   Level
a - Magic Dart            Conj           100%       1d8       1%          1
b - Searing Ray           Conj           62%        2d6       1%          2
c - Fulminant Prism       Conj/Hex       11%        3d8       19%         4

Your spell library contained the following spells:

 Spells                   Type           Power      Damage    Failure   Level
 Kiss of Death            Conj/Necr      72%        2d10      3%          1
 Shock                    Conj/Air       72%        1d7       3%          1
 Dazzling Flash           Conj/Hex       46%        N/A       6%          3
 Ensorcelled Hibernation  Hex/Ice        20%        N/A       9%          2
 Sting                    Tmut/Pois      20%        1d4       10%         1
 Passwall                 Tmut/Erth      4%         N/A       16%         2
 Portal Projectile        Hex/Tloc       20%        N/A       19%         3
 Call Canine Familiar     Summ           5%         N/A       30%         3
 Swiftness                Air            5%         N/A       30%         3
 Iskenderun's Mystic Bla  Conj/Tloc      18%        2d6       30%         4
 Leda's Liquefaction      Hex/Erth       5%         N/A       52%         4
 Orb of Destruction       Conj           15%        9d7       100%        7
 Chain Lightning          Conj/Air       9%         3d12      100%        9

Inventory:

Hand Weapons
 k - a +3 quarterstaff (weapon)
Armour
 a - a +0 robe (worn)
 l - a +0 pair of gloves (worn)
 p - a +0 helmet
Jewellery
 M - a ring of magical power (left hand)
Wands
 n - a wand of roots (8)
Scrolls
 c - 2 scrolls of summoning {unknown}
 d - 2 scrolls of blinking {unknown}
 f - 4 scrolls of teleportation {unknown}
 i - 3 scrolls of identify {unknown}
 j - a scroll of magic mapping {unknown}
 m - 2 scrolls of acquirement {unknown}
 r - a scroll of brand weapon {unknown}
 s - a scroll of fog {unknown}
Potions
 b - a potion of magic
 e - 4 potions of curing {unknown}
 g - a potion of mutation {unknown}
 h - a potion of degeneration {unknown}
 o - a potion of cancellation {unknown}
 q - a potion of might {unknown}
 t - a potion of berserk rage {unknown}

Dungeon Overview and Level Annotations

Branches:
Dungeon (3/15)

Altars:

Annotations:
D:3 Ijyb

##.##########################.#
###...(...........############...
.........########..............#.
###..###.# ##############...
#.)###.######### ##.#
#....†.........# #.#
##...##.#######.# #.# ##....##.##
#># #.# ......[...### #@# ..#
##.............g.# ###
##....##..#.####.# ............#
#J. #.).#.#.#.#.. ... #...#..## #
. #.## #...#.... ..# #...#..##.
### #...#.#. #


You could see Ijyb and an endoplasm.


Message History

The searing ray hits Ijyb.
Ijyb is severely wounded. (Press . to maintain the ray.) Ijyb hits you with a +0 dagger.
The searing ray hits Ijyb but does no damage.
Ijyb is severely wounded.
Ijyb zaps a wand.
The roots erupt in riotous growth!
The grasping roots grab you!
Ijyb is unaffected.
The grasping roots constrict you.
The searing ray misses Ijyb.
Ijyb hits you with a +0 dagger.
* * * LOW HITPOINT WARNING * * *
The grasping roots constrict you.
* * * LOW HITPOINT WARNING * * *
An endoplasm comes into view.
The searing ray hits Ijyb.
Ijyb is almost dead.
You finish channelling your searing ray.
Ijyb closely misses you. The grasping roots constrict you.
* * * LOW HITPOINT WARNING * * *
Casting: Searing Ray (safe; 1% risk of failure)
Confirm with . or Enter, or press ? or * to list all spells.
Aiming: Searing Ray (safe; 1% risk of failure)
Press: ? - help, Shift-Dir - straight line, f/p - Ijyb
Aim: Ijyb, wielding a +0 dagger, wearing a +0 chain mail and carrying a wand of roots (3) (almost dead, 79% to hit)
The searing ray misses Ijyb. (Press . to maintain the ray.) Ijyb hits you with a +0 dagger.
* * * LOW HITPOINT WARNING * * *
The grasping roots constrict you.
You die...

Skill      XL: |  1  2  3  4 |
---------------+-------------+-----
Stealth        | 3 4 |  4.3
Dodging        | 3 4 |  4.1
Spellcasting   | 4 |  4.6
Conjurations   | 5 |  5.6
Hexes          | 2 |  2.3

Action                     |  1- 3 |  4- 6 || total
---------------------------+-------+-------++-------
  Melee: Unarmed           |     7 |       ||     7
         Quarterstaff      |     7 |       ||     7
   Cast: Magic Dart        |    45 |    27 ||    72
         Searing Ray       |     1 |    12 ||    13
 Armour: Robe              |     2 |     2 ||     4
  Dodge: Dodged            |    13 |     4 ||    17

Levels and vault maps discovered:
D:1:      shiori_arrival_elements, layout_loops_ring, minmay_curled_crystal,
          lemuel_flame_loot_1
D:2:      layout_loops_corners, uniq_robin, uniq_jessica
D:3:      layout_loops_ring, lemuel_doored_altar, uniq_ijyb, uniq_sigmund

Notes
Turn   | Place    | Note
-------+----------+-------------------------------------------
     0 | D:1      | kingofthe the Deep Elf Conjurer began the quest for the
                  | Orb.
     0 | D:1      | Reached XP level 1. HP: 10/10 MP: 6/6
     2 | D:1      | Got Sif Muna's Papyrus of Therianthropy and Impulse
   292 | D:1      | Reached XP level 2. HP: 15/15 MP: 6/8
   295 | D:1      | Learned a level 2 spell: Searing Ray
   500 | D:1      | Reached skill level 3 in Stealth
  1260 | D:2      | Reached XP level 3. HP: 19/19 MP: 7/10
  1476 | D:2      | Noticed Jessica
  1478 | D:2      | Killed Jessica
  1654 | D:2      | Reached skill level 3 in Dodging
  1654 | D:2      | Reached skill level 4 in Spellcasting
  1654 | D:2      | Reached XP level 4. HP: 24/24 MP: 7/12
  1833 | D:2      | Reached skill level 5 in Conjurations
  1843 | D:2      | Noticed Robin
  1846 | D:2      | Killed Robin
  2584 | D:3      | Learned a level 4 spell: Fulminant Prism
  2617 | D:3      | Noticed Sigmund
  2641 | D:3      | Killed Sigmund
  2642 | D:3      | Reached skill level 4 in Dodging
  2642 | D:3      | Reached skill level 4 in Stealth
  2642 | D:3      | Reached skill level 2 in Hexes
  2642 | D:3      | Reached XP level 5. HP: 19/28 MP: 12/13
  2642 | D:3      | Reached XP level 6. HP: 22/32 MP: 12/14
  2767 | D:3      | Noticed Ijyb
  2776 | D:3      | HP: 2/32 [Ijyb/+0 dagger (4)]
  2776 | D:3      | Constricted to death by Ijyb

Vanquished Creatures
  Sigmund (D:3)
  Jessica (D:2)
  Robin (D:2)
  4 adders
  An orc (D:3)
  6 endoplasms
  6 giant cockroaches
  14 goblins
  4 hobgoblins
  3 kobolds
  A ball python (D:1)
  4 bats
  4 frilled lizards
  7 rats
57 creatures vanquished.

Table legend: (Time is in decaauts)
 A = Elapsed time spent in this place.
 B = Non-inter-level travel time spent in this place.
 C = Inter-level travel time spent in this place.
 D = Time resting spent in this place.
 E = Time spent auto-exploring this place.
 F = Levels seen in this place.
 G = Mean time per level.
                   A        B        C        D        E       F      G
               +--------+--------+--------+--------+--------+-----+--------+
         Total |   2776 |   2710 |     66 |      9 |   2394 |   3 |  925.3 |
       Dungeon |   2776 |   2710 |     66 |      9 |   2394 |   3 |  925.3 |
               +--------+--------+--------+--------+--------+-----+--------+

Top non-repeatable levels by time:
     D:2: 1163 daAuts
     D:1: 1044 daAuts
     D:3: 569 daAuts

Table legend:
 A = Non-vault XP
 B = Vault XP
 C = Vault XP percentage of total XP
 D = Non-vault monster count
 E = Vault monster count
 F = Vault count percentage of total count
                 A         B        C        D         E       F
            +---------+---------+-------+---------+---------+-------
      Total |     120 |     292 |  70.9 |      45 |      12 |  21.1
            +---------+---------+-------+---------+---------+-------
        D:1 |      34 |       0 |   0.0 |      21 |       0 |   0.0
        D:2 |      45 |      69 |  60.5 |      13 |      11 |  45.8
        D:3 |      41 |     223 |  84.5 |      11 |       1 |   8.3
            +---------+---------+-------+---------+---------+-------
